 Dungeon Crawl Stone Soup version 0.32-a0-43-g058985b245 (webtiles) character file.

Game seed: 7976133644342545699

218 Atlas the Firebug (level 5, 0/35 HPs)
             Began as a Demonspawn Fire Elementalist on Feb 5, 2024.
             Succumbed to an adder's poison
             ... on level 4 of the Dungeon.
             The game lasted 00:03:44 (1914 turns).

Atlas the Firebug (Demonspawn Fire Elementalist)    Turns: 1914, Time: 00:03:44

Health: 0/35       AC:  6    Str:  8    XL:     5   Next: 63%
Magic:  2/10       EV: 11    Int: 18    God:
Gold:   111        SH:  0    Dex: 13    Spells: 8/11 levels left

rFire   . .          .
                       - Unarmed
rCold   . . .        (no shield)
rNeg    . . .        g - +0 leather armour
rPois   .            l - +0 helmet
rElec   .            (no cloak)
rCorr   .            (no gloves)
SInv    .            (no boots)
Will    .....        (no amulet)
Stlth   ++           (no ring)
HPRegen 0.25/turn    (no ring)
MPRegen 0.12/turn

%: no passive effects
@: lethally poisoned (0 -> -2)
A: thin metallic scales 1, ignite blood 1, powered by pain 1, demonic touch 1
a: no special abilities


You were on level 4 of the Dungeon.
You visited 1 branch of the dungeon, and saw 3 of its levels.

You collected 111 gold pieces.

Inventory:

Armour
 g - a +0 leather armour (worn)
 l - a +0 helmet (worn)
Wands
 m - a wand of roots (3)
Scrolls
 a - a scroll of immolation {unknown}
 c - 2 scrolls of teleportation {unknown}
 d - a scroll of poison {unknown}
 i - 2 scrolls of identify {unknown}
 j - a scroll of butterflies {unknown}
Potions
 b - a potion of magic
 e - a potion of enlightenment {unknown}
 f - a potion of lignification {unknown}
 h - a potion of heal wounds {unknown}
 k - 2 potions of berserk rage {unknown}


   Skills:
 + Level 0.2 Fighting
 + Level 0.7 Armour
 + Level 1.8 Dodging
 - Level 2.0 Stealth
 + Level 1.2 Unarmed Combat
 + Level 3.5 Spellcasting
 + Level 1.6 Conjurations
 + Level 4.1 Fire Magic
 + Level 0.1 Evocations


You had 8 spell levels left.
You knew the following spells:

 Your Spells              Type           Power      Damage    Failure   Level
a - Scorch                Fire           36%        2d6       6%          2
b - Foxfire               Conj/Fire      52%        2x1d6     7%          1

Your spell library contained the following spells:

 Spells                   Type           Power      Damage    Failure   Level
 Slow                     Hex            12%        N/A       22%         1
 Static Discharge         Conj/Air       12%        3-4/arc   24%         2
 Inner Flame              Hex/Fire       10%        N/A       28%         3
 Volatile Blastmotes      Fire/Tloc      20%        2d11      28%         3
 Jinxbite                 Hex            6%         N/A       32%         2
 Stone Arrow              Conj/Erth      12%        3d7       43%         3
 Confusing Touch          Hex            3%         N/A       54%         3
 Sigil of Binding         Hex            3%         N/A       54%         3
 Summon Ice Beast         Ice/Summ       3%         N/A       54%         3
 Vampiric Draining        Necr           3%         2d6       54%         3
 Flame Wave               Conj/Fire      13%        2d6       54%         4
 Airstrike                Air            1%         2d(1-17)  91%         4
 Animate Armour           Summ/Erth      6%         N/A       91%         4
 Summon Lightning Spire   Summ/Air       3%         N/A       91%         4
 Summon Mana Viper        Hex/Summ       3%         N/A       99%         5
 Yara's Violent Unravell  Hex/Alch       1%         3d3       99%         5
 Enfeeble                 Hex            1%         N/A       100%        7
 Monstrous Menagerie      Summ           1%         N/A       100%        7
 Lehudib's Crystal Spear  Conj/Erth      3%         10d2      100%        8


Dungeon Overview and Level Annotations

Branches:
Dungeon (2/15)

Altars:

Annotations:
D:4 Dowan


Innate Abilities, Weirdness & Mutations

You are partially covered in thin metallic scales. (AC +2)
Your demonic aura sometimes causes spilled blood to erupt in flames.
You sometimes gain a little power by taking damage.
Your touch may inflict minor irresistible damage on your foes.


Message History

The adder is moderately wounded.
You hear the rusting of a very distant drain.
You feel sick. The adder closely misses you.
You hit the adder.
The adder is moderately wounded.
You feel sick. Dowan barely misses you. The adder bites you but does no damage.
Dowan misses you.
You hit the adder. Your touch misses the adder.
The adder is heavily wounded.
You feel sick. The adder barely misses you.
Dowan mumbles some strange words.
Dowan blinks!
You closely miss the adder. Your touch misses the adder.
The adder is heavily wounded.
You feel sick.
You are no longer poisoned.
The adder bites you but does no damage. The adder bites you.
* * * LOW HITPOINT WARNING * * *
You are lethally poisoned!
The adder poisons you!
You closely miss the adder.
The adder is heavily wounded.
* * * LOW HITPOINT WARNING * * *
You feel sick. The adder barely misses you.
You hit the adder.
The adder is severely wounded.
* * * LOW HITPOINT WARNING * * *
You feel sick. The adder bites you but does no damage.
You closely miss the adder.
You touch the adder.
You kill the adder!
* * * LOW HITPOINT WARNING * * *
You feel sick.
You hit Dowan.
Dowan is severely wounded.
* * * LOW HITPOINT WARNING * * *
You feel sick. Dowan barely misses you. x2
Unknown command.
You hit Dowan.
Dowan is severely wounded.
You die...

......#######.####
...... #e# #.#
#ยง# #.# #)# #.#
########.#
#....e@..#
#.########


You could see Dowan (fast).

Vanquished Creatures
  Duvessa (D:4)
  A hound (D:4)
  Robin (D:1)
  An adder (D:4)
  A dart slug (D:1)
  2 orcs (D:4)
  5 endoplasms
  A giant cockroach (D:1)
  8 goblins
  12 hobgoblins
  3 jackals
  8 kobolds
  A quokka (D:1)
  8 ball pythons
  5 bats
  A frilled lizard (D:1)
  3 rats
62 creatures vanquished.

Vanquished Creatures (others)
  76 foxfires
76 creatures vanquished.

Grand Total: 138 creatures vanquished

Notes
Turn   | Place    | Note
-------+----------+-------------------------------------------
     0 | D:1      | Atlas the Demonspawn Fire Elementalist began the quest for
                  | the Orb.
     0 | D:1      | Reached XP level 1. HP: 13/13 MP: 3/3
   113 | D:1      | Reached skill level 3 in Fire Magic
   157 | D:1      | Gained mutation: You are partially covered in thin metallic
                  | scales. (AC +2) [demonic ancestry]
   157 | D:1      | Reached XP level 2. HP: 19/19 MP: 0/5
   295 | D:1      | Learned a level 2 spell: Scorch
   658 | D:1      | Gained mutation: Your demonic aura sometimes causes spilled
                  | blood to erupt in flames. [demonic ancestry]
   658 | D:1      | Reached XP level 3. HP: 24/24 MP: 3/6
  1204 | D:2      | Noticed Robin
  1306 | D:1      | Killed Robin
  1465 | D:2      | Gained mutation: Your touch may inflict minor irresistible
                  | damage on your foes. [demonic ancestry]
  1465 | D:2      | Reached XP level 4. HP: 30/30 MP: 1/8
  1601 | D:2      | You fall into a shaft and drop 2 floors!
  1807 | D:4      | Noticed Dowan
  1810 | D:4      | Noticed Duvessa
  1875 | D:4      | Killed Duvessa
  1876 | D:4      | Reached skill level 1 in Unarmed Combat
  1876 | D:4      | Reached skill level 4 in Fire Magic
  1876 | D:4      | Gained mutation: You sometimes gain a little power by
                  | taking damage. [demonic ancestry]
  1876 | D:4      | Reached XP level 5. HP: 26/35 MP: 0/10
  1913 | D:4      | HP: 1/35 [poisoned by an adder]
  1914 | D:4      | Succumbed to an adder's poison

Illustrated notes

Levels and vault maps discovered:
D:1:      dpeg_arrival_yet_another_circle, layout_basic, minmay_hexomino_c4
D:2:      layout_basic, basic_altar, uniq_robin
D:4:      layout_basic, portal_sewer_entry_b, minmay_misc_feat_ornament,
          uniq_duvessa

Skill      XL: |  1  2  3  4 |
---------------+-------------+-----
Fire Magic     | 3 4 |  4.1
Stealth        | 2 |  2.0
Spellcasting   | 3 |  3.5
Unarmed Combat | 1 |  1.2
Fighting       | |  0.2
Armour         | |  0.7
Dodging        | |  1.8
Conjurations   | |  1.6
Evocations     | |  0.1

Action                     |  1- 3 |  4- 6 || total
---------------------------+-------+-------++-------
  Melee: Unarmed           |    70 |    26 ||    96
         Touch             |       |     2 ||     2
   Cast: Foxfire           |    29 |    17 ||    46
         Scorch            |    23 |    12 ||    35
  Evoke: Wand              |       |     3 ||     3
 Armour: Robe              |    13 |       ||    13
         Leather armour    |    27 |    19 ||    46
  Dodge: Dodged            |    55 |    25 ||    80

Table legend: (Time is in decaauts)
 A = Elapsed time spent in this place.
 B = Non-inter-level travel time spent in this place.
 C = Inter-level travel time spent in this place.
 D = Time resting spent in this place.
 E = Time spent auto-exploring this place.
 F = Levels seen in this place.
 G = Mean time per level.
                   A        B        C        D        E       F      G
               +--------+--------+--------+--------+--------+-----+--------+
         Total |   1917 |   1880 |     37 |    111 |   1203 |   3 |  639.0 |
       Dungeon |   1917 |   1880 |     37 |    111 |   1203 |   3 |  639.0 |
               +--------+--------+--------+--------+--------+-----+--------+

Top non-repeatable levels by time:
     D:1: 1348 daAuts
     D:4: 312 daAuts
     D:2: 256 daAuts
